 Dungeon Sprint DCSS version 0.22.1-1-ga44c0e56f4 (webtiles) character file.

558 MuseOD the Unseen (level 10, -6/62 HPs)
             Began as a Spriggan Enchanter on Sept 26, 2018.
             Was a High Priest of Dithmenos.
             Mangled by a mana viper (9 damage)
             ... in the Dungeon (Sprint VI: "Thunderdome").
             The game lasted 00:08:46 (1320 turns).

MuseOD the Unseen (Spriggan Enchanter)              Turns: 1320, Time: 00:08:47

Health: -6/62      AC:  2    Str:  6    XL:     10   Next: 91%
Magic:  0/24       EV: 18    Int: 20    God:    Dithmenos [*****.]
Gold:   220        SH:  0    Dex: 17    Spells: 14/32 levels left

rFire    . . .     SeeInvis +   a - +1 dagger
rCold    . . .     Gourm    .   (shield restricted)
rNeg     . . .     Faith    .   b - +0 robe
rPois    .         Spirit   .   (helmet restricted)
rElec    .         Reflect  .   (no cloak)
rCorr    .         Harm     +   (gloves unavailable)
MR       +....     NoTele   +   (boots unavailable)
Stlth    ++++++++++             h - amulet of harm
HPRegen  0.20/turn              (no ring)
MPRegen  0.19/turn              (no ring)

@: wreathed by umbra, very quick
A: very small, unfitting armour, camouflage 1, see invisible, herbivore, speed
3, low mp 1, robust 1, screaming 1, slow metabolism 2, strong 1
}: 1/15 runes: serpentine
a: Shadow Step, Shadow Form, Renounce Religion


You were in the Dungeon.
You worshipped Dithmenos.
Dithmenos was extremely pleased with you.
You were not hungry.

You visited 1 branch You collected 850 gold pieces.
You spent 630 gold pieces at shops.

Inventory:

Hand Weapons
 a - a +1 dagger (weapon)
Armour
 b - a +0 robe (worn)
Jewellery
 h - an amulet of harm (around neck)
Wands
 k - a wand of acid (4)
 l - a wand of iceblast (3)
Scrolls
 j - 4 scrolls of blinking
 m - 3 scrolls of fog
Potions
 c - a potion of resistance
 e - a potion of curing
 f - 7 potions of heal wounds
 g - 4 potions of haste
 i - a potion of berserk rage
Comestibles
 d - a ration


   Skills:
 + Level 8.6 Fighting
 * Level 15.2 Short Blades
 - Level 3.0 Dodging
 + Level 15.7 Stealth
 + Level 11.9 Spellcasting
 + Level 10.8 Hexes
 - Level 5.0 Evocations


You had 14 spell levels left.
You knew the following spells:

 Your Spells              Type           Power        Failure   Level  Hunger
a - Corona                Hex            ######.      1%          1    None
b - Ensorcelled Hibernat  Hex/Ice        ####..       1%          2    None
c - Confuse               Hex            ######..     1%          3    None
d - Dazzling Spray        Conj/Hex       ####..       1%          3    None
e - Tukima's Dance        Hex            ######..     1%          3    None
f - Invisibility          Hex            ######..     10%         6    ######.

Your spell library contained the following spells:

 Spells                   Type           Power        Failure   Level  Hunger
 Passwall                 Tmut/Erth      ##......     9%          2    None
 Swiftness                Chrm/Air       ##......     9%          2    None
 Darkness                 Hex            ######....   10%         6    ######.
 Passage of Golubria      Tloc           N/A          50%         4    #......
 Lee's Rapid Deconstruct  Erth           ##........   85%         5    ####...


Dungeon Overview and Level Annotations

Branches:
Dungeon (1/1)

Altars:
Cheibriados
Dithmenos
Fedhas
Gozag
Kikubaaqudgha
Makhleb
Okawaru
Qazlal
Ru
Sif Muna
Trog
Uskayaw
Vehumet
Wu Jian
Xom
Yredelemnul
Zin
The Shining One
Beogh
Jiyva
Lugonu

Shops:
D *[%??*?*:[((!!!!


Innate Abilities, Weirdness & Mutations

You are very small and have problems with some larger weapons.
You are too small for most types of armour.
You have supernaturally acute eyesight. (SInv)
You are a herbivore.
You cover ground extremely quickly.
You need to consume almost no food.
Your skin changes colour to match your surroundings (Stealth+).
Your magical capacity is low. (-10% MP)
You are robust. (+10% HP)
You occasionally shout uncontrollably at your foes.
Your muscles are strong. (Str +2)


Message History

The bolt of poison misses you.
Evoke which item? (* to show all) (? for menu, Esc to quit)
Aiming: Iceblast
Press: ? - help, Shift-Dir - straight line, p - mana viper The mass of ice explodes!
The iceblast engulfs the naga.
You kill the naga!
Dithmenos accepts your kill.
The iceblast engulfs the guardian serpent.
The guardian serpent is heavily wounded.
The iceblast engulfs the mana viper.
The mana viper is moderately wounded.
The mana viper bites you!
* * * LOW HITPOINT WARNING * * *
You feel your power leaking away.
The guardian serpent coils itself and performs some mystic snake dance.
The mana viper blinks!
The mana viper bites you.
* * * LOW HITPOINT WARNING * * *
There is an iron altar of Okawaru here.
The mana viper bites you!
You die...

_...†.†###......___∩##
.....8.# #.8........∩###
.......###......)......##
....###...###..........⌠#
...)# #.<.# #.......§..⌠#
....###†..###..........⌠#
.......###........S....##
.....8.# #.8.....S..∩###
_......###..)[..@_.∩##
##.8.........8.######
#⌠...........⌠#
###.........###
#_......._# #........_#
#_......._# #∩.......∩#
##∩.....∩##


You could see a mana viper and a guardian serpent.

Vanquished Creatures
  A naga warrior (D)
  2 shining eyes (D)
  3 black mambas (D)
  A guardian serpent (D)
  A naga mage (D)
  2 jumping spiders (D)
  3 tarantellas (D)
  A naga (D)
  A water moccasin (D)
  A floating eye (D)
  A scorpion (D)
  A jelly (D)
  Terence (D)
  2 worker ants (D)
  3 adders (D)
  2 oozes (D)
  A giant cockroach (D)
  A hobgoblin (D)
  A ball python (D)
  A frilled lizard (D)
30 creatures vanquished.

Notes
Turn   | Place    | Note
-------+----------+-------------------------------------------
     0 | D        | MuseOD the Spriggan Enchanter began the quest for the Orb.
     0 | D        | Reached XP level 1. HP: 9/9 MP: 5/5
     3 | D        | Found a burning altar of Makhleb.
     3 | D        | Found a roughly hewn altar of Beogh.
     4 | D        | Found an iron altar of Okawaru.
     4 | D        | Found a shimmering altar of Xom.
     5 | D        | Found a radiant altar of Vehumet.
     6 | D        | Found Beomek's Do-It-Yourself Clinic.
     6 | D        | Found a deep blue altar of Sif Muna.
     6 | D        | Found a corrupted altar of Lugonu.
     6 | D        | Found Ytros's Distillery.
     7 | D        | Found Cumo's Bottled Wisdom.
     7 | D        | Found Kuanoufo's Distillery.
     9 | D        | Round 1.
    10 | D        | Found a glowing golden altar of the Shining One.
    11 | D        | Found a stormy altar of Qazlal.
    12 | D        | Found a blossoming altar of Fedhas.
    13 | D        | Found an ancient bone altar of Kikubaaqudgha.
    13 | D        | Found a snail-covered altar of Cheibriados.
    13 | D        | Found Noddu's Staff Store.
    13 | D        | Found Zaareoto's Magic Scroll Shop.
    14 | D        | Found Ysafar's Must-Have Magic.
    14 | D        | Found Faojy's Magic Scroll Shop.
    17 | D        | Found an opulent altar of Gozag.
    18 | D        | Found a shadowy altar of Dithmenos.
    20 | D        | Found a glowing silver altar of Zin.
    20 | D        | Found a sacrificial altar of Ru.
    21 | D        | Found Jaqy's Delicious Food.
    21 | D        | Found a bloodstained altar of Trog.
    21 | D        | Found a basalt altar of Yredelemnul.
    21 | D        | Found Zygef's Identification Station.
    22 | D        | Found Boreres's Jewellery.
    22 | D        | Found Ygax's Advanced Armour.
    24 | D        | Found a viscous altar of Jiyva.
    34 | D        | Reached skill level 1 in Fighting
    34 | D        | Reached skill level 5 in Stealth
    34 | D        | Reached XP level 2. HP: 14/14 MP: 6/6
    36 | D        | Became a worshipper of Dithmenos the Shadowed
    44 | D        | Learned a level 2 spell: Ensorcelled Hibernation
    58 | D        | Found a hide-covered altar of Uskayaw.
    59 | D        | Found an ornate altar of the Wu Jian Council.
    59 | D        | Found Jyn Dapn's Weapon Rack.
    59 | D        | Found Qoroexaf's Premium Goods.
    60 | D        | Found Kahuafis's Basic Armour.
    60 | D        | Found Bagiwam's Miscellaneous Merchandise.
   162 | D        | Reached XP level 3. HP: 18/18 MP: 0/8
   186 | D        | Noticed a water moccasin
   206 | D        | Killed a water moccasin
   206 | D        | Arena points: 12 (+12) [x2]
   206 | D        | Reached skill level 5 in Spellcasting
   206 | D        | Reached XP level 4. HP: 24/24 MP: 0/12
   212 | D        | Learned a level 3 spell: Confuse
   216 | D        | Learned a level 3 spell: Dazzling Spray
   220 | D        | Learned a level 3 spell: Tukima's Dance
   276 | D        | Round 2.
   286 | D        | Reached * piety under Dithmenos
   293 | D        | Reached XP level 5. HP: 29/29 MP: 4/13
   402 | D        | Reached ** piety under Dithmenos
   428 | D        | Noticed Terence
   437 | D        | Killed Terence
   437 | D        | Arena points: 54 (+42) [x3]
   504 | D        | Round 3.
   505 | D        | Noticed a shining eye
   511 | D        | Gained mutation: Your muscles are strong. (Str +2) [a
                  | shining eye]
   518 | D        | Gained mutation: You are robust. (+10% HP) [a shining eye]
   528 | D        | Gained mutation: Your skin changes colour to match your
                  | surroundings (Stealth+). [a shining eye]
   543 | D        | Noticed a shining eye
   569 | D        | Killed a shining eye
   569 | D        | Reached skill level 5 in Fighting
   569 | D        | Reached skill level 10 in Short Blades
   569 | D        | Reached XP level 6. HP: 39/39 MP: 10/18
   569 | D        | Reached XP level 7. HP: 42/42 MP: 10/19
   597 | D        | Gained mutation: You occasionally shout uncontrollably at
                  | your foes. [a shining eye]
   599 | D        | Gained mutation: Your magical capacity is low. (-10% MP) [a
                  | shining eye]
   600 | D        | Killed a shining eye
   600 | D        | Reached *** piety under Dithmenos
   600 | D        | Reached skill level 5 in Hexes
   606 | D        | Reached XP level 8. HP: 49/49 MP: 4/20
   676 | D        | Arena points: 138 (+84) [x4]
   699 | D        | Round 4.
   714 | D        | Reached **** piety under Dithmenos
   788 | D        | Reached skill level 10 in Spellcasting
   820 | D        | Noticed a jumping spider
   826 | D        | Killed a jumping spider
   873 | D        | Noticed a jumping spider
   880 | D        | Killed a jumping spider
   880 | D        | Reached ***** piety under Dithmenos
   880 | D        | Arena points: 278 (+140) [x5]
   880 | D        | Reached XP level 9. HP: 55/55 MP: 6/22
   889 | D        | Bought a book of Burglary for 525 gold pieces
   896 | D        | Learned a level 6 spell: Invisibility
   914 | D        | Round 5.
   937 | D        | Noticed a naga warlord
   943 | D        | Noticed a naga mage
   973 | D        | Killed a naga mage
   987 | D        | Killed a naga warlord
   987 | D        | Arena points: 558 (+280) [x7]
   988 | D        | Got a serpentine rune of Zot
   990 | D        | Reached skill level 10 in Hexes
   990 | D        | Reached skill level 5 in Evocations
   990 | D        | Reached XP level 10. HP: 22/61 MP: 14/23
  1002 | D        | Bought 3 potions of heal wounds for 105 gold pieces
  1190 | D        | Round 6.
  1196 | D        | Noticed a guardian serpent
  1207 | D        | Noticed a black mamba
  1213 | D        | Killed a guardian serpent
  1213 | D        | Reached skill level 15 in Stealth
  1230 | D        | Noticed a mana viper
  1242 | D        | Noticed a black mamba
  1242 | D        | Killed a black mamba
  1253 | D        | Killed a black mamba
  1259 | D        | Noticed a black mamba
  1271 | D        | Killed a black mamba
  1271 | D        | Reached skill level 15 in Short Blades
  1300 | D        | Noticed a guardian serpent
  1315 | D        | HP: 3/62 [mana viper (10)]
  1320 | D        | Mangled by a mana viper

Skill      XL: |  1  2  3  4  5  6  7  8  9 10 |
---------------+-------------------------------+-----
Fighting       | 1 2 3 5 6 7 8 |  8.6
Short Blades   | 3 4 7 10 11 13 14 15 | 15.2
Stealth        | 5 6 8 11 12 13 14 15 | 15.7
Spellcasting   | 3 5 8 9 10 11 | 11.9
Hexes          | 5 7 10 | 10.8
Evocations     | 5 |  5.0
Dodging        | |  3.0

Action                   |  1- 3 |  4- 6 |  7- 9 | 10-12 || total
-------------------------+-------+-------+-------+-------++-------
Melee: Dagger            |     2 |    29 |    30 |    10 ||    71
 Cast: Ensorcelled Hiber |     5 |     6 |    17 |     1 ||    29
       Dazzling Spray    |       |     6 |     8 |     5 ||    19
       Confuse           |       |     1 |     4 |     5 ||    10
Invok: Shadow Step       |       |       |     1 |       ||     1
Evoke: Wand              |     1 |       |       |     2 ||     3
  Use: Potion            |       |     1 |     2 |       ||     3
 Stab: Sleeping          |     2 |     4 |     9 |     1 ||    16
       Invisible         |       |     1 |     5 |     1 ||     7
       Confused          |       |     1 |     1 |     2 ||     4
Armor: Robe              |       |       |       |     1 ||     1
Dodge: Dodged            |     3 |     7 |     5 |     7 ||    22
